 Dungeon Crawl Stone Soup version 0.28-a0-537-g3bccd9ccbf (webtiles) character file.

Game seed: 10164565290473826843

199 speeev33 the Poker (level 5, -2/43 HPs)
             Began as a Merfolk Fighter on Sept 27, 2021.
             Succumbed to a goblin's poison
             ... on level 4 of the Dungeon.
             The game lasted 00:03:56 (3759 turns).

speeev33 the Poker (Merfolk Fighter)                Turns: 3759, Time: 00:03:56

Health: -2/43      AC: 10    Str: 17    XL:     5   Next: 77%
Magic:  5/5        EV:  7    Int:  7    God:
Gold:   235        SH:  5    Dex: 14    Spells: 4/4 levels left

rFire   . . .      SeeInvis .   a - +0 trident
rCold   . . .      Faith    .   c - +0 buckler
rNeg    . . .      Spirit   .   e - +0 chain mail
rPois   .          Reflect  .   (no helmet)
rElec   .          Harm     .   g - +0 cloak
rCorr   .          Rampage  .   (no gloves)
Will    .....                   (no boots)
Stlth   ..........              (no amulet)
HPRegen 0.14/turn               (no ring)
MPRegen 0.09/turn               (no ring)

@: mighty, lethally poisoned (-2 -> -27)
A: (nimble swimmer 2), mertail
a: no special abilities


You were on level 4 of the Dungeon.
You visited 1 branch of the dungeon, and saw 4 of its levels.

You collected 235 gold pieces.

Inventory:

Hand Weapons
 a - a +0 trident (weapon)
Armour
 c - a +0 buckler (worn)
 e - a +0 chain mail (worn)
 g - a +0 cloak (worn)
Wands
 l - a wand of iceblast (8)
Scrolls
 k - a scroll of magic mapping
 m - a scroll of identify
Potions
 b - a potion of degeneration {unknown}
 d - a potion of might
 f - a potion of flight {unknown}
 i - 2 potions of heal wounds {unknown}
 j - 2 potions of brilliance {unknown}


   Skills:
 + Level 4.5 Fighting
 + Level 4.9 Polearms
 + Level 3.0 Armour
 - Level 4.0 Shields


You had 4 spell levels left.
You didn't know any spells.
Your spell library contained the following spells:

 Spells                   Type           Power      Damage    Failure   Level
 Sandblast                Erth           0%         2d4       100%        1
 Blink                    Tloc           N/A        N/A       100%        2
 Passwall                 Tmut/Erth      0%         N/A       100%        2
 Slow                     Hex            0%         N/A       100%        2
 Sublimation of Blood     Necr           0%         N/A       100%        2
 Wereblood                Tmut           0%         N/A       100%        2
 Confusing Touch          Hex            0%         N/A       100%        3
 Dazzling Flash           Conj/Hex       0%         N/A       100%        3
 Lesser Beckoning         Tloc           0%         N/A       100%        3
 Stone Arrow              Conj/Erth      0%         3d7       100%        3
 Vampiric Draining        Necr           0%         2d6       100%        3
 Agony                    Necr           0%         N/A       100%        5
 Manifold Assault         Tloc           0%         N/A       100%        5
 Silence                  Hex/Air        0%         N/A       100%        5
 Summon Hydra             Summ           0%         N/A       100%        7


Dungeon Overview and Level Annotations

Branches:
Dungeon (4/15)
 Temple: D:4-7

Altars:

Shops:
D:2 ?

Annotations:
D:3 2 runed translucent doors, AlleluiaPinecone's ghost, amateur VSBr


Innate Abilities, Weirdness & Mutations

((You are quick and stealthy near water. (Stealth+, EV+, Speed+++)))
Your lower body shifts to a powerful aquatic tail in water.


Message History

You are more poisoned.
You hit the goblin.
The goblin is severely wounded.
* * * LOW HITPOINT WARNING * * *
You feel very sick. You block the goblin's attack.
You closely miss the goblin.
The goblin is severely wounded.
* * * LOW HITPOINT WARNING * * *
You feel very sick.
The goblin hits you with a +4 dagger of venom.
* * * LOW HITPOINT WARNING * * *
You are more poisoned.
You feel better. The goblin barely misses you.
You closely miss the goblin.
The goblin is severely wounded.
The goblin hits you but does no damage.
You are poisoned.
The goblin hits you with a +4 dagger of venom.
* * * LOW HITPOINT WARNING * * *
You feel better. The goblin hits you but does no damage.
You are poisoned.
You closely miss the goblin.
The goblin is severely wounded.
You feel very sick. You block the goblin's attack.
You hit the goblin but do no damage.
The goblin is severely wounded.
You feel sick.
The goblin hits you with a +4 dagger of venom!
* * * LOW HITPOINT WARNING * * *
You are lethally poisoned!
You closely miss the goblin.
The goblin is severely wounded.
* * * LOW HITPOINT WARNING * * *
You feel very sick. The goblin hits you but does no damage.
You are more poisoned.
You feel very mighty all of a sudden.
You die...

#..#..# #.#
####...#####.
#..........#
#.P##''###.# # .
#.#....).#.# #.
..# #.P......P.#
..
....##.#...)..#.#
#.....#P.....#...
#....g@......#
###
#.....PP.P...P.#
##....########.#
#.... ... #.....
.. #....# .....#
...##


You could see a goblin.

Vanquished Creatures
  A wyvern skeleton (D:3)
  Crazy Yiuf (D:3)
  4 adders
  3 worms
  5 orcs (D:3)
  4 bats
  4 endoplasms
  4 giant cockroaches
  6 hobgoblins
  4 jackals (D:2)
  6 kobolds
  4 quokkas
  8 ball pythons
  2 frilled lizards
  8 goblins
  4 rats
68 creatures vanquished.

Notes
Turn   | Place    | Note
-------+----------+-------------------------------------------
     0 | D:1      | speeev33 the Merfolk Fighter began the quest for the Orb.
     0 | D:1      | Reached XP level 1. HP: 18/18 MP: 1/1
   123 | D:1      | Reached XP level 2. HP: 8/24 MP: 2/2
   716 | D:1      | You fall into a shaft and drop 1 floor!
   854 | D:2      | Reached XP level 3. HP: 28/29 MP: 3/3
   893 | D:2      | Found a faded altar of an unknown god.
  1289 | D:2      | Found Beggidyps's Magic Scroll Boutique.
  1748 | D:3      | Reached XP level 4. HP: 14/37 MP: 4/4
  2172 | D:3      | Reached XP level 5. HP: 37/42 MP: 5/5
  2256 | D:3      | Found a large runed translucent door.
  2257 | D:3      | Found a large runed translucent door.
  2259 | D:3      | Noticed AlleluiaPinecone's ghost (amateur VSBr)
  3002 | D:3      | Found a runed translucent door.
  3003 | D:3      | Noticed Crazy Yiuf
  3256 | D:3      | Killed Crazy Yiuf
  3759 | D:4      | Succumbed to a goblin's poison

Illustrated notes

Levels and vault maps discovered:
D:1:      wander_arrival_desolate, layout_loops_cross
D:2:      layout_rooms, hellmonk_ecumenical_altar_zigzags, serial_shops,
          shop_coins, kennysheep_small_spiral, hangedman_abyss_or_decor_stabs
D:3:      layout_basic, ebering_ghost_disaster_area, uniq_crazy_yiuf_cottage
D:4:      cheibrodos_old_hovel, layout_layer_cave,
          nicolae_elyvilon_peaceful_grove, uniq_pikel, uniq_edmund

Skill      XL: |  1  2  3  4  5 |
---------------+----------------+-----
Fighting       | 4 |  4.5
Polearms       | 4 |  4.9
Armour         | 3 |  3.0
Shields        | 4 |  4.0

Action                   |  1- 3 |  4- 6 || total
-------------------------+-------+-------++-------
Melee: Trident           |   136 |   126 ||   262
  Use: Scroll            |       |     4 ||     4
       Potion            |       |     3 ||     3
Armor: Scale mail        |    43 |    20 ||    63
       Chain mail        |       |    32 ||    32
Dodge: Dodged            |    52 |    37 ||    89
Block: Buckler           |    28 |    23 ||    51

Table legend: (Time is in decaauts)
 A = Elapsed time spent in this place.
 B = Non-inter-level travel time spent in this place.
 C = Inter-level travel time spent in this place.
 D = Time resting spent in this place.
 E = Time spent auto-exploring this place.
 F = Levels seen in this place.
 G = Mean time per level.
                   A        B        C        D        E       F      G
               +--------+--------+--------+--------+--------+-----+--------+
         Total |   3782 |   3685 |     97 |   1178 |   1935 |   4 |  945.5 |
       Dungeon |   3782 |   3685 |     97 |   1178 |   1935 |   4 |  945.5 |
               +--------+--------+--------+--------+--------+-----+--------+

Top non-repeatable levels by time:
     D:3: 1765 daAuts
     D:2: 944 daAuts
     D:1: 790 daAuts
     D:4: 282 daAuts
